Map: Site Delta LE

Players

ForJumY

  • Race: Protoss Protoss
  • League: Grandmaster
  • Spawn Location: 5:00

CoffeeAme - Winner!

  • Race: Terran Terran
  • League: Master
  • Spawn Location: 11:00

VOD

Have the link to the VOD?

Description

Time

  • Played on: Dec. 18, 2023, 1:30 p.m.
  • Length: 12:10
Show
View Real Time Build Order
Export as new Build Order

ForJumY Protoss 

Build Orders: 1 Gate Expand 

Get SALT Encoding   

  12  0:00  Probe  
  13  0:12  Probe  
  14  0:20  Pylon  
  14  0:24  Probe  
  15  0:38  Gateway, Probe (Chrono Boost)  
  16  0:48  Assimilator, Probe (Chrono Boost)  
  17  0:53  Probe (Chrono Boost)  
  18  1:04  Probe  
  19  1:16  Probe  
  20  1:26  Cybernetics Core, Zealot  
  22  1:43  Nexus  
  22  1:50  Pylon  
  22  2:02  Adept (Chrono Boost)  
  22  2:03  Warp Gate  
  22  2:08  Probe  
  24  2:10  Assimilator  
  24  2:21  Probe  
  25  2:23  Adept (Chrono Boost)  
  27  2:33  Probe  
  28  2:39  Twilight Council  
  28  2:46  Probe (Chrono Boost)  
  27  2:55  Probe (Chrono Boost)  
  27  3:01  Gateway  
  27  3:03  Probe (Chrono Boost)  
  27  3:05  Stalker, Probe (Chrono Boost)  
  30  3:10  Probe (Chrono Boost)  
  31  3:15  Probe (Chrono Boost)  
  32  3:22  Charge  
  32  3:25  Robotics Facility  
  34  3:27  Probe x2 (Chrono Boost)  
  34  3:33  Probe (Chrono Boost)  
  36  3:34  Probe (Chrono Boost)  
  34  3:42  Probe  
  34  3:45  Gateway  
  35  3:48  Gateway  
  35  3:53  Zealot  
  37  3:57  Stalker  
  37  4:00  Probe  
  40  4:03  Pylon  
  40  4:05  Probe  
  41  4:10  Warp Prism (Chrono Boost)  
  43  4:19  Zealot  
  43  4:22  Zealot  
  47  4:26  Pylon  
  47  4:30  Probe  
  47  4:41  Zealot x2  
  47  4:42  Shield Battery  
  47  4:43  Zealot  
  47  4:45  Zealot  
  55  4:46  Probe  
  56  4:59  Probe  
  58  5:02  Zealot x2, Observer  
  58  5:06  Pylon  
  62  5:07  Probe  
  57  5:14  Zealot x2  
  49  5:22  Probe  
  49  5:23  Zealot x2  
  52  5:33  Probe  
  52  5:34  Templar Archives, Probe  
  50  5:38  Forge  
  50  5:44  Zealot x3  
  50  5:45  Probe  
  50  5:47  Probe  
  52  5:51  Zealot x3  
  52  5:56  Nexus  
  58  6:02  Pylon  
  58  6:03  Probe  
  59  6:07  Probe (Chrono Boost)  
  59  6:09  Assimilator  
  59  6:10  Assimilator  
  59  6:11  Psionic Storm  
  62  6:19  Probe (Chrono Boost)  
  62  6:22  Probe (Chrono Boost)  
  62  6:24  High Templar  
  64  6:26  Probe (Chrono Boost)  
  64  6:29  Probe (Chrono Boost)  
  64  6:30  Shield Battery  
  64  6:32  Pylon  
  66  6:36  Probe  
  67  6:45  High Templar  
  69  6:47  Gateway  
  69  6:54  Gateway, Immortal (Chrono Boost)  
  69  6:55  Gateway  
  73  7:08  Gateway  
  73  7:10  Zealot, Pylon  
  73  7:14  Zealot  
  77  7:20  High Templar  
  77  7:21  Zealot  
  81  7:26  Pylon  
  81  7:31  Zealot  
  81  7:36  Forge, Immortal  
  86  7:39  Probe  
  86  7:43  Pylon  
  83  7:46  Pylon  
  80  7:58  Zealot x4  
  82  7:59  Probe  
  74  8:06  Zealot x2  
  74  8:07  Archon  
  74  8:09  Protoss Ground Armor Level 1 (Chrono Boost)  
  74  8:11  Zealot  
  74  8:12  Probe (Chrono Boost)  
  76  8:13  Probe (Chrono Boost)  
  76  8:16  Probe (Chrono Boost)  
  68  8:20  High Templar  
  68  8:25  Probe (Chrono Boost)  
  68  8:26  Probe (Chrono Boost)  
  71  8:27  Observer, Probe (Chrono Boost)  
  71  8:33  Probe  
  71  8:37  Pylon  
  71  8:38  Zealot  
  71  8:39  High Templar  
  72  8:43  High Templar  
  72  8:45  Probe  
  72  8:47  Probe  
  76  8:54  Stalker x3  
  80  8:56  Probe  
  80  8:57  Observer  
  80  9:00  Probe  
  80  9:01  Zealot  
  81  9:05  Shield Battery  
  81  9:06  High Templar  
  83  9:17  High Templar  
  83  9:19  Zealot x4  
  93  9:25  Probe  
  93  9:26  Probe x2  
  95  9:37  Probe  
  95  9:38  Zealot x2  
  90  9:46  Probe  
  90  9:50  Archon  
  79  9:55  Zealot x3  
  83  10:04  Probe (Chrono Boost)  
  82  10:07  Zealot x3  
  82  10:12  Probe x2 (Chrono Boost)  
  85  10:19  Warp Prism (Chrono Boost)  
  85  10:21  Probe x2 (Chrono Boost)  
  84  10:28  High Templar x3  
  84  10:32  Archon, High Templar  
  92  10:37  Zealot x3  
  92  10:39  Pylon  
  98  10:48  Photon Cannon  
  92  10:51  Probe  
  93  11:01  Probe x2  
  86  11:05  Zealot  
  86  11:10  Pylon  
  82  11:11  Zealot x3  
  82  11:13  Probe  
  76  11:21  Probe (Chrono Boost)  
  71  11:28  Zealot  
  71  11:29  Probe (Chrono Boost)  
  63  11:34  Probe (Chrono Boost)  
  56  11:41  Zealot x3, Pylon  
  56  11:42  Probe (Chrono Boost)  
  56  11:44  Probe (Chrono Boost)  
  55  11:48  High Templar  
  55  11:49  High Templar  
  60  11:54  Probe (Chrono Boost)  
  60  11:57  Zealot  
Show
View Real Time Build Order
Export as new Build Order

CoffeeAme Terran - Winner!

Build Orders:  

Get SALT Encoding   

  12  0:00  SCV  
  13  0:12  SCV  
  14  0:17  Supply Depot  
  14  0:24  SCV  
  15  0:38  SCV  
  15  0:39  Barracks  
  16  0:44  Refinery  
  16  0:50  SCV  
  17  1:03  SCV  
  18  1:15  SCV  
  19  1:27  Orbital Command, Barracks Reactor  
  19  1:43  Command Center  
  19  1:53  Supply Depot  
  19  1:54  SCV  
  20  2:03  Marine x2  
  20  2:08  SCV  
  23  2:11  Barracks  
  23  2:20  SCV  
  23  2:22  Marine x2  
  26  2:28  Barracks  
  26  2:34  SCV  
  26  2:39  Marine x2  
  28  2:46  SCV  
  28  2:58  SCV  
  28  2:59  Barracks Tech Lab  
  28  3:01  Marine x2  
  31  3:14  Refinery  
  31  3:15  Barracks Tech Lab, SCV  
  31  3:16  Orbital Command  
  31  3:18  Stimpack  
  32  3:22  Marine x3  
  36  3:27  SCV  
  36  3:29  Supply Depot  
  36  3:37  Marine  
  36  3:40  Marine x3  
  40  3:42  SCV  
  40  3:43  Combat Shield  
  40  3:44  SCV  
  42  3:51  Supply Depot  
  42  3:54  SCV  
  43  3:56  SCV  
  43  3:57  Marine  
  43  3:58  Marine  
  46  4:04  Marauder x2  
  46  4:09  SCV  
  52  4:11  Factory  
  52  4:16  Marine x2  
  53  4:17  SCV  
  53  4:23  Engineering Bay  
  54  4:25  Supply Depot  
  54  4:26  Marine  
  54  4:27  Marine  
  54  4:29  SCV  
  54  4:30  SCV  
  58  4:35  Marine  
  58  4:36  Marine  
  60  4:41  SCV  
  60  4:42  SCV  
  60  4:44  Refinery  
  62  4:48  Marine x2  
  62  4:49  Terran Infantry Weapons Level 1  
  64  4:54  SCV  
  64  4:55  SCV  
  64  4:57  Supply Depot  
  64  4:59  Starport  
  66  5:01  Factory Reactor  
  66  5:05  Marine x2  
  58  5:21  Marauder x2  
  55  5:33  SCV x2  
  55  5:35  Bunker  
  55  5:40  Marine x2  
  55  5:42  Marauder x2  
  61  5:45  SCV  
  61  5:46  Factory Reactor  
  59  5:54  SCV  
  58  5:58  Marine x2  
  58  6:03  Supply Depot, SCV  
  62  6:04  Supply Depot  
  62  6:06  SCV  
  62  6:08  Supply Depot, Medivac x2  
  67  6:13  Marauder  
  67  6:14  Marauder  
  67  6:16  Marine x2  
  67  6:18  SCV x2  
  73  6:20  Concussive Shells  
  73  6:22  Refinery  
  74  6:30  Widow Mine x2  
  74  6:31  Supply Depot  
  74  6:32  SCV x2  
  80  6:41  Supply Depot  
  76  6:51  Marauder x2  
  80  6:58  Marine x2  
  80  6:59  Widow Mine x2  
  80  7:00  SCV x2  
  88  7:02  Supply Depot, Armory  
  88  7:05  Terran Infantry Armor Level 1  
  88  7:07  Missile Turret  
  88  7:12  SCV x2  
  90  7:24  Medivac x2  
  94  7:32  Command Center  
  94  7:37  Marauder  
  94  7:38  Marauder  
  94  7:39  SCV  
  88  7:54  Marine x2  
  88  7:56  Widow Mine x2  
  93  7:59  SCV, Marauder x2  
  97  8:08  SCV  
  97  8:11  SCV  
  83  8:20  Marine x2, Marauder x2  
  83  8:23  Widow Mine x2  
  90  8:27  SCV  
  90  8:38  SCV, Barracks x2  
  90  8:39  SCV  
  90  8:42  Marauder x2  
  90  8:48  Marine x2, Widow Mine x2  
  99  8:50  Orbital Command, SCV  
  97  8:59  Terran Infantry Weapons Level 2  
  97  9:02  SCV  
  93  9:03  Marauder  
  93  9:06  Medivac x2  
  98  9:11  SCV  
  98  9:13  Marine x2  
  98  9:14  SCV, Marauder, Widow Mine  
  98  9:15  Widow Mine  
  106  9:20  Ghost Academy  
  106  9:22  Orbital Command  
  106  9:23  SCV  
  107  9:33  Barracks Tech Lab, Barracks Reactor  
  107  9:36  Marine x2, Marauder  
  107  9:37  Marauder  
  107  9:52  Medivac x2  
  107  9:53  Widow Mine x2  
  107  9:54  SCV x2  
  107  9:55  SCV  
  107  9:56  Refinery  
  107  9:57  Refinery  
  107  9:58  Marauder x2  
  118  10:01  Marine x2  
  118  10:06  SCV x2  
  118  10:07  SCV  
  119  10:18  SCV x2  
  119  10:20  SCV  
  115  10:22  Supply Depot  
  115  10:25  Command Center  
  115  10:26  Supply Depot  
  115  10:28  Marine x4  
  107  10:30  SCV x2  
  107  10:32  SCV  
  107  10:34  Ghost x2  
  116  10:36  Ghost  
  118  10:51  Marine x3  
  118  10:52  Medivac  
  118  10:53  Widow Mine x2, Medivac  
  118  10:56  SCV x2  
  131  11:08  Ghost x2  
  131  11:09  Marauder  
  131  11:20  Marine x2  
  131  11:21  Marine x2  
  131  11:22  Widow Mine x2  
  136  11:28  SCV x2  
  136  11:31  Marauder  
  133  11:35  SCV, Medivac x2  
  135  11:40  SCV  
  135  11:42  Marine x2  
  135  11:43  Marine x2  
  133  11:55  SCV  
Tags
 
Add a new tag
Caveats
  • Supply blocks, unpowered buildings, or Contaminate may cause inaccurate times.
  • Supply counts are checked every 10 seconds.